 Dungeon Crawl Stone Soup version 0.31-a0-145-g046c7d2549 (webtiles) character file.

Game seed: 1176914755675575635

206 qw the Shooter (level 5, -1/47 HPs)
             Began as a Minotaur Hunter on June 7, 2023.
             Slain by a gnoll bouda
             ... wielding a +0 club
              (7 damage)
             ... on level 4 of the Dungeon.
             The game lasted 00:00:55 (2036 turns).

qw the Shooter (Minotaur Hunter)                    Turns: 2036, Time: 00:00:55

Health: -1/47      AC:  6    Str: 15    XL:     5   Next: 53%
Magic:  0/4        EV: 11    Int:  6    God:
Gold:   149        SH:  0    Dex: 22    Spells: 4/4 levels left

rFire   . . .        Y - +1 shortbow
rCold   . . .        (shield currently unavailable)
rNeg    . . .        h - +0 ring mail
rPois   .            (helmet restricted)
rElec   .            (no cloak)
rCorr   .            (no gloves)
SInv    .            e - +0 pair of boots
Will    .....        f - amulet of guardian spirit
Stlth   +            d - +6 ring of dexterity
HPRegen 0.27/turn    (no ring)
MPRegen 0.09/turn

%: guardian spirit
@: no status effects
A: horns 2, retaliatory headbutt
a: no special abilities


You were on level 4 of the Dungeon.
You visited 1 branch of the dungeon, and saw 4 of its levels.

You collected 149 gold pieces.


Innate Abilities, Weirdness & Mutations

You have a pair of horns on your head.
You reflexively headbutt those who attack you in melee.


   Skills:
 - Level 4.7 Fighting
 + Level 6.4 Ranged Weapons
 - Level 1.0 Armour
 - Level 2.1 Dodging
 - Level 0.7 Stealth


You had 4 spell levels left.
You didn't know any spells.
Your spell library was empty.

Inventory:

Hand Weapons
 Y - a +1 shortbow (weapon)
Armour
 e - a +0 pair of boots (worn)
 h - a +0 ring mail (worn)
Jewellery
 d - a +6 ring of dexterity (left hand)
 f - an amulet of guardian spirit (around neck)
Scrolls
 a - a scroll of identify
 g - 2 scrolls of teleportation {unknown}
Potions
 b - 2 potions of curing
 c - a potion of resistance
 i - a potion of ambrosia {unknown}

Dungeon Overview and Level Annotations

Branches:
Dungeon (4/15)
 Temple: D:4-7

Altars:


Message History

You kill the gnoll!
The gnoll closely misses you.
The gnoll hits you from afar with a +0 spear!
You shoot an arrow. The arrow hits the gnoll bouda.
The gnoll bouda is lightly wounded.
The gnoll closely misses you. x2
You shoot an arrow.
The arrow barely misses the gnoll bouda.
The gnoll barely misses you. The gnoll misses you.
The gnoll bouda hits you with a +0 club.
The gnoll barely misses you. x2
The gnoll bouda hits you but does no damage.
You shoot an arrow.
The arrow hits the gnoll bouda but does no damage.
The gnoll bouda is lightly wounded.
The gnoll barely misses you. The gnoll hits you but does no damage.
The gnoll bouda hits you with a +0 club.
You shoot an arrow.
The arrow hits the gnoll bouda but does no damage.
The gnoll bouda is lightly wounded.
The gnoll hits you but does no damage.
The gnoll hits you from afar with a +0 spear.
The gnoll bouda closely misses you.
You shoot an arrow.
The arrow hits the gnoll bouda but does no damage.
The gnoll bouda is lightly wounded.
The gnoll hits you from afar with a +0 spear.
The gnoll hits you but does no damage. The gnoll bouda barely misses you.
You shoot an arrow.
The arrow hits the gnoll bouda but does no damage.
The gnoll bouda is lightly wounded.
The gnoll hits you from afar with a +0 spear.
The gnoll misses you.
The gnoll bouda hits you with a +0 club!
You shoot an arrow. The arrow hits the gnoll bouda!
The gnoll bouda is moderately wounded.
The gnoll hits you but does no damage. The gnoll barely misses you.
The gnoll bouda closely misses you.
The gnoll bouda hits you with a +0 club!
You die...

....#......#...
............... .
(............ ..
#.........#
..?###........#
.....#.:....+
.....g......#
#..$)g@>..#
.)...g.....#
...#.......#
...#...[...#
..........##
.......%...#
............+##
..###.........###
##..........#..


You could see a gnoll bouda and 2 gnolls.

Vanquished Creatures
  A scorpion (D:4)
  3 adders
  3 gnolls (D:4)
  2 worms
  An orc (D:3)
  10 ball pythons
  6 endoplasms
  A giant cockroach (D:4)
  5 goblins
  9 hobgoblins
  5 jackals
  15 kobolds
  4 quokkas
  6 bats
  2 frilled lizards (D:2)
  5 rats
78 creatures vanquished.

Notes
Turn   | Place    | Note
-------+----------+-------------------------------------------
     0 | D:1      | qw the Minotaur Hunter began the quest for the Orb.
     0 | D:1      | Reached XP level 1. HP: 18/18 MP: 0/0
     0 | D:1      | 0 ||| qw: Version: 0.2-a-117-gc6b5c8b
     0 | D:1      | 0 ||| qw: Game counter: 2447
     0 | D:1      | 0 ||| qw: Always use a shield: true
     0 | D:1      | 0 ||| qw: God list: Okawaru
     0 | D:1      | 0 ||| qw: Allow faded altars: false
     0 | D:1      | 0 ||| qw: Do Orc after D:15 true
     0 | D:1      | 0 ||| qw: Do second Lair branch before Depths: true
     0 | D:1      | 0 ||| qw: Lair rune preference: random
     0 | D:1      | 0 ||| qw: Plans: Normal
     0 | D:1      | 0 ||| PLANNING D:1-11
    72 | D:1      | Reached XP level 2. HP: 25/25 MP: 1/1
   119 | D:1      | Reached skill level 5 in Ranged Weapons
   172 | D:1      | Found a faded altar of an unknown god.
   427 | D:1      | Reached skill level 3 in Fighting
   445 | D:1      | HP: 5/26 [hobgoblin (4)]
   506 | D:1      | 506 ||| FLEEEEING.
   507 | D:1      | 507 ||| FLEEEEING.
   593 | D:1      | Reached XP level 3. HP: 31/31 MP: 2/2
   787 | D:1      | 787 ||| UPGRADING to +0 pair of boots.
   792 | D:1      | 792 ||| UPGRADING to +0 ring mail.
   802 | D:1      | 802 ||| DROPPING +0 leather armour.
   803 | D:1      | 803 ||| UPGRADING to amulet of guardian spirit.
   808 | D:1      | 808 ||| READING 2 scrolls labelled SOKKOT KOCUPELE.
   809 | D:1      | 809 ||| DROPPING scroll of butterflies.
   944 | D:2      | Reached skill level 1 in Armour
  1248 | D:2      | 1248 ||| DROPPING scarf of invisibility.
  1249 | D:2      | 1249 ||| UPGRADING to +6 ring of dexterity.
  1250 | D:2      | 1250 ||| READING scroll labelled KULOZAZIPO.
  1251 | D:2      | 1251 ||| READING 3 scrolls of identify.
  1251 | D:2      | 1251 ||| IDENTIFYING metallic white potion
  1252 | D:2      | 1252 ||| READING 2 scrolls of identify.
  1252 | D:2      | 1252 ||| IDENTIFYING orange potion
  1253 | D:2      | 1253 ||| DROPPING potion of attraction.
  1373 | D:3      | Reached XP level 4. HP: 38/38 MP: 3/3
  1456 | D:3      | Reached skill level 6 in Ranged Weapons
  1774 | D:3      | 1774 ||| READING scroll labelled VAT DASHEANN.
  1775 | D:3      | 1775 ||| READING scroll labelled WOIXKO TOGIF.
  1876 | D:3      | 1876 ||| READING 2 scrolls of identify.
  1876 | D:3      | 1876 ||| IDENTIFYING grey potion
  1897 | D:4      | 1897 ||| PLANNING OSSUARY
  1938 | D:4      | Noticed a scorpion
  1944 | D:4      | Killed a scorpion
  1945 | D:4      | Reached XP level 5. HP: 39/47 MP: 4/4
  2035 | D:4      | HP: 5/47 [gnoll bouda/+0 club (7)]
  2036 | D:4      | Slain by a gnoll bouda

Levels and vault maps discovered:
D:1:      grunt_arrival_lava_bath, layout_basic, ebering_ecumenical_altar_hall,
          corexii_hall_statues_u, minivault_11, serial_bayou_pond_d
D:2:      layout_rooms, grunt_ministairs_12, serial_bayou_lagoon_a
D:3:      layout_basic
D:4:      layout_cave_pools, lemuel_doored_altar, fedhas_altar_2,
          nicolae_vehumet_altar_sigil, lemuel_zombie_altar_kikubaaqudgha,
          nicolae_ossuary_entry_false_entrances

Skill      XL: |  1  2  3  4 |
---------------+-------------+-----
Ranged Weapons | 5 6 |  6.4
Fighting       | 3 4 |  4.7
Armour         | 1 |  1.0
Dodging        | |  2.1
Stealth        | |  0.7

Action                     |  1- 3 |  4- 6 || total
---------------------------+-------+-------++-------
   Fire: Shortbow          |   137 |    75 ||   212
    Use: Scroll            |     4 |     3 ||     7
 Armour: Leather armour    |    13 |       ||    13
         Ring mail         |    11 |    15 ||    26
  Dodge: Dodged            |    39 |    34 ||    73

Table legend:
 A = Non-vault XP
 B = Vault XP
 C = Vault XP percentage of total XP
 D = Non-vault monster count
 E = Vault monster count
 F = Vault count percentage of total count
                 A         B        C        D         E       F
            +---------+---------+-------+---------+---------+-------
      Total |     292 |       3 |   1.0 |      76 |       2 |   2.6
            +---------+---------+-------+---------+---------+-------
        D:1 |      50 |       0 |   0.0 |      28 |       0 |   0.0
        D:2 |      20 |       3 |  13.0 |      11 |       2 |  15.4
        D:3 |      73 |       0 |   0.0 |      27 |       0 |   0.0
        D:4 |     149 |       0 |   0.0 |      10 |       0 |   0.0
            +---------+---------+-------+---------+---------+-------
